 Dungeon Crawl Stone Soup version 0.22-a0-848-ge9e22a0 (webtiles) character file.

4230 protoss039 the Cleaver (level 10, -2/208 HPs)
             Began as a Minotaur Fighter on July 26, 2018.
             Was a Priest of Okawaru.
             Slain by an orc warrior
             ... wielding a +0 war axe
              (12 damage)
             ... in a bailey.
             The game lasted 00:25:41 (7265 turns).

protoss039 the Cleaver (Minotaur Fighter)           Turns: 7265, Time: 00:25:42

Health: -2/208     AC: 25    Str: 26    XL:     10   Next: 9%
Magic:  12/14      EV:  2    Int:  5    God:    Okawaru [***...]
Gold:   582        SH: 16    Dex: 16    Spells: 9/9 levels left

rFire    . . .     SeeInvis .   E - +1 spear of Youthful Indiscretion {pierce, *Drain +Fly Dex+3} (curse)
rCold    . . .     Gourm    .   c - +0 shield
rNeg     + + +     Faith    .   (armour currently unavailable)
rPois    +         Spirit   .   (helmet currently unavailable)
rElec    .         Reflect  +   (cloak currently unavailable)
rCorr    .         Harm     .   (gloves currently unavailable)
MR       .....     NoTele   +   (boots currently unavailable)
Stlth    ..........             y - +3 amulet of reflection
HPRegen  0.44/turn              (no ring)
MPRegen  0.14/turn              (no ring)

@: mighty, berserking, tree-form, heroism, very quick
A: (retaliatory headbutt)
a: Heroism, Renounce Religion


You were in a bailey.
You worshipped Okawaru.
Okawaru was most pleased with you.
You were not hungry.
You were a tree.
You visited 2 branches of the dungeon, and saw 9 of its levels.
You also visited: Bailey.

You collected 582 gold pieces.

Inventory:

Hand Weapons
 a - a +0 war axe
 C - a +0 whip of flaming
 E - the cursed +1 spear of Youthful Indiscretion (weapon) {pierce, *Drain +Fly Dex+3}
   (You found it on level 8 of the Dungeon)

   It inflicts extra damage upon your enemies.
   It affects your dexterity (+3).
   It lets you fly.
   It causes draining when unequipped.
   It has a curse placed upon it.
Missiles
 e - 13 tomahawks of returning
 x - 5 silver tomahawks (quivered)
Armour
 c - a +0 shield (worn)
 l - a +0 chain mail (melded)
Jewellery
 r - an uncursed ring of wizardry
 y - a +3 amulet of reflection (around neck)
 I - an uncursed amulet of the gourmand
 K - an uncursed amulet of the acrobat
Wands
 G - a wand of flame (25)
Scrolls
 b - 2 scrolls of enchant armour {unknown}
 j - 3 scrolls of magic mapping
 k - 2 scrolls of noise {unknown}
 n - 3 scrolls of remove curse
 o - 3 scrolls of amnesia {unknown}
 p - 3 scrolls of enchant weapon {unknown}
 q - 5 scrolls of blinking
 s - 3 scrolls of teleportation
 u - 2 scrolls of immolation {unknown}
 B - a scroll of random uselessness {unknown}
 D - 2 scrolls of fog {unknown}
 H - a scroll of fear {unknown}
Potions
 h - 4 potions of flight
 m - 2 potions of agility
 t - 2 potions of brilliance
 v - a potion of haste {unknown}
 w - a potion of invisibility {unknown}
 z - a potion of ambrosia {unknown}
 A - a potion of degeneration {unknown}
 F - a potion of mutation {unknown}
 J - a potion of curing {unknown}
Comestibles
 f - 23 rations


   Skills:
 + Level 10.0(15.0) Fighting
 + Level 10.5(15.5) Axes
 - Level 1.0(6.0) Throwing
 - Level 5.2(10.2) Armour
 - Level 5.1(10.1) Shields
 * Level 7.6 Invocations


You had 9 spell levels left.
You didn't know any spells.
Your spell library contained the following spells:

 Spells                   Type           Power        Failure   Level  Hunger
 Magic Dart               Conj           #...         69%         1    ##.....
 Conjure Flame            Conj/Fire      #.......     96%         3    ####...
 Slow                     Hex            #.......     83%         2    ###....
 Mephitic Cloud           Conj/Pois/Air  #.......     96%         3    ####...
 Blink                    Tloc           N/A          83%         2    ###....
 Call Imp                 Summ           #.......     83%         2    ###....
 Regeneration             Chrm/Necr      #.........   96%         3    ####...
 Shroud of Golubria       Chrm/Tloc      #.........   83%         2    ###....
 Infusion                 Chrm           #...         69%         1    ##.....
 Song of Slaying          Chrm           #.......     83%         2    ###....
 Spectral Weapon          Hex/Chrm       #.......     96%         3    ####...


Dungeon Overview and Level Annotations

Branches:
Dungeon (8/15)             Temple (1/1) D:5
   Lair: D:8-11

Altars:
Ashenzari
Cheibriados
Dithmenos
Elyvilon
Fedhas
Gozag
Hepliaklqana
Kikubaaqudgha
Makhleb
Nemelex Xobeh
Okawaru
Qazlal
Ru
Sif Muna
Trog
Uskayaw
Vehumet
Wu Jian
Xom
Yredelemnul
Zin
The Shining One

Shops:
D:6 *   D:7 [


Innate Abilities, Weirdness & Mutations

((You reflexively headbutt those who attack you in melee.))
((You have a pair of horns on your head.))


Message History

The orc warrior is lightly wounded.
You block the hobgoblin's attack.
The orc warrior hits you with a war axe!
* * * LOW HITPOINT WARNING * * *
You puncture the orc warrior!
The orc warrior is severely wounded.
You block the orc's attack.
Unknown command.
You hit the orc warrior but do no damage.
The orc warrior is severely wounded.
You block the hobgoblin's attack.
Unknown command.
You feel very mighty all of a sudden. You block the hobgoblin's attack.
A red film seems to cover your vision as you go berserk!
You feel yourself moving faster!
You feel mighty! You block the orc's attack.
The orc knight hits you with a war axe!!
* * * LOW HITPOINT WARNING * * *
The orc warrior hits you with a war axe!
You die...

####### ......####
.........## .........##
...⌠.....# #. ###.......#
###..#.'.....####### .K
....###oog(..#≈≈≈≈≈
###o## #.g#.(o♣.≈≈≈≈≈≈≈≈≈
#...K...####(≈≈≈≈≈≈≈≈≈≈#
∩#...ogo.#∩≈≈≈≈≈≈≈....###
≈#########≈≈≈≈≈.((...##
≈≈≈≈≈≈≈≈≈≈≈≈..(.....##
#≈≈≈≈≈≈≈≈...(...(.###
#.........((..####
#..∩......####
##......(###


You could see an orc knight, an orc warrior, an orc and a hobgoblin.

Vanquished Creatures
  Pikel (D:7)
  An orc knight (Bailey)
  2 hornets (D:8)
  Duvessa (D:7)
  2 orc warriors
  2 sky beasts (D:5)
  8 ogres
  2 centaurs (D:7)
  2 bullfrogs
  Dowan (D:7)
  3 scorpions
  4 killer bees (D:7)
  A crimson imp (D:8)
  A quasit (D:8)
  2 jellies
  3 hounds
  A bullfrog skeleton (D:4)
  7 orc priests
  7 orc wizards
  An iguana (D:6)
  Jessica (D:3)
  5 worker ants
  2 hound skeletons
  4 gnolls (D:6)
  9 adders
  2 oozes
  2 adder zombies (D:5)
  An adder skeleton (D:4)
  4 worms
  A dart slug (D:3)
  3 leopard geckos
  35 orcs
  A ball python (D:4)
  4 bats
  4 giant cockroaches
  9 goblins
  7 hobgoblins
  5 jackals
  8 quokkas
  3 frilled lizards
  A jackal skeleton (D:4)
  12 kobolds
  A leopard gecko zombie (D:6)
  A quokka skeleton (D:6)
  9 rats
186 creatures vanquished.

Vanquished Creatures (others)
  3 slaves (D:7)
  An electric eel (D:7)
  2 orc wizards (D:3)
  3 orcs (D:7)
  6 kobolds (Bailey)
  A plant (D:7)
16 creatures vanquished.

Grand Total: 202 creatures vanquished

Notes
Turn   | Place    | Note
-------+----------+-------------------------------------------
     0 | D:1      | protoss039 the Minotaur Fighter began the quest for the Orb.
     0 | D:1      | Reached XP level 1. HP: 19/19 MP: 0/0
   205 | D:1      | Reached XP level 2. HP: 26/27 MP: 1/1
   909 | D:2      | Reached XP level 3. HP: 33/33 MP: 2/2
  1032 | D:2      | Found a hide-covered altar of Uskayaw.
  1079 | D:2      | Found a faded altar of an unknown god.
  1384 | D:2      | Reached XP level 4. HP: 34/41 MP: 3/3
  1681 | D:3      | Reached XP level 5. HP: 44/47 MP: 4/4
  1685 | D:3      | Reached skill level 5 in Fighting
  1878 | D:3      | Noticed Jessica
  1883 | D:3      | Killed Jessica
  2306 | D:4      | Reached XP level 6. HP: 35/56 MP: 5/5
  2469 | D:4      | Reached skill level 5 in Axes
  2814 | D:4      | Reached skill level 5 in Armour
  2840 | D:4      | Reached skill level 5 in Shields
  2847 | D:4      | Reached XP level 7. HP: 39/63 MP: 6/6
  3206 | D:5      | Entered Level 5 of the Dungeon
  3764 | D:5      | Reached XP level 8. HP: 23/73 MP: 7/7
  3993 | D:5      | Reached skill level 1 in Throwing
  4322 | D:5      | Found a staircase to the Ecumenical Temple.
  4339 | Temple   | Entered the Ecumenical Temple
  4377 | Temple   | Became a worshipper of Warmaster Okawaru
  4579 | D:6      | Found Uxziat's Elemental Accessories.
  4594 | D:6      | Reached skill level 1 in Invocations
  5246 | D:7      | Noticed Pikel
  5250 | D:7      | Reached * piety under Okawaru
  5261 | D:7      | Killed Pikel
  5261 | D:7      | Reached XP level 9. HP: 77/82 MP: 9/11
  5387 | D:7      | Reached skill level 5 in Invocations
  5843 | D:7      | Noticed Duvessa
  5845 | D:7      | Noticed Dowan
  5851 | D:7      | Killed Duvessa
  5870 | D:7      | Killed Dowan
  5908 | D:7      | Reached ** piety under Okawaru
  5960 | D:7      | Found Qeonogyas's Armour Boutique.
  6116 | D:7      | Found an ancient bone altar of Kikubaaqudgha.
  6118 | D:7      | Reached skill level 10 in Axes
  6121 | D:7      | Found a glowing silver altar of Zin.
  6144 | D:7      | Found a sparkling altar of Nemelex Xobeh.
  6148 | D:7      | Found a shattered altar of Ashenzari.
  6155 | D:7      | Found a glowing golden altar of the Shining One.
  6159 | D:7      | Found a snail-covered altar of Cheibriados.
  6165 | D:7      | Found a stormy altar of Qazlal.
  6389 | D:8      | Got a twisted spear
  6390 | D:8      | Identified the cursed +1 spear of Youthful Indiscretion {pierce, *Drain +Fly Dex+3} (You found it on level 8 of the Dungeon)
  7014 | D:8      | Found a flagged portal.
  7026 | Bailey   | Entered a bailey
  7175 | Bailey   | Noticed an orc knight
  7182 | Bailey   | Noticed an orc knight
  7188 | Bailey   | Noticed an orc knight
  7191 | Bailey   | Noticed an orc knight
  7258 | Bailey   | Killed an orc knight
  7258 | Bailey   | Reached *** piety under Okawaru
  7258 | Bailey   | Reached skill level 10 in Fighting
  7258 | Bailey   | Reached XP level 10. HP: 22/93 MP: 11/14
  7265 | Bailey   | HP: 10/208 [orc knight/war axe (21)]
  7265 | Bailey   | Slain by an orc warrior

Vault maps used:
D:1:      dpeg_arrival_chase
D:2:      eat_drink_and_be_merry_uskayaw,
          chequers_ecumenical_altar_simple_redux, st_stairs_7
D:3:      first_ration, minivault_5, grunt_decor_clamped, uniq_jessica
D:4:      minmay_bisected
D:5:      minmay_temple_entry_nine_rooms
D:6:      minivault_27, hangedman_decor_growths, serial_bayou_pond_c,
          nicolae_elemental_shop
D:7:      grunt_temple_overflow_octagram, serial_shops, shop,
          hangedman_abyss_or_decor_stabs, serial_bayou_ford_a, uniq_pikel,
          uniq_duvessa
D:8:      enter_bailey_3, hangedman_pestilent_swarm
Temple:   eino_narrow_crystal_temple
Bailey:   bailey_axe_4, bailey

Skill      XL: |  1  2  3  4  5  6  7  8  9 |
---------------+----------------------------+-----
Fighting       | 4 5 6 7 8 10 | 10.0
Axes           | 3 4 5 7 9 10 | 10.5
Armour         | 4 5 |  5.2
Shields        | 4 5 |  5.1
Throwing       | 1 |  1.0
Invocations    | 4 7 |  7.6

Action                   |  1- 3 |  4- 6 |  7- 9 | 10-12 || total
-------------------------+-------+-------+-------+-------++-------
Melee: War axe           |   107 |   129 |   250 |       ||   486
       Headbutt          |    13 |    26 |    74 |       ||   113
       Spear             |       |       |   107 |     4 ||   111
Throw: Tomahawk          |       |       |    18 |       ||    18
Invok: Heroism           |       |       |     1 |       ||     1
 Abil: Evoke Flight      |       |       |     1 |       ||     1
  Use: Scroll            |     1 |     2 |     9 |       ||    12
       Potion            |       |     1 |     4 |     3 ||     8
  Eat: Chunk             |     1 |     5 |    10 |       ||    16
       Ration            |       |       |     2 |       ||     2
Armor: Scale mail        |    37 |       |       |       ||    37
       Chain mail        |    41 |    60 |   141 |       ||   242
       Skin              |       |       |    13 |       ||    13
Dodge: Dodged            |    28 |    18 |    60 |     1 ||   107
Block: Shield            |    62 |    78 |   242 |     8 ||   390
       Reflection        |       |       |    33 |       ||    33

Table legend:
 A = Spawn XP
 B = Non-spawn XP
 C = Spawn XP percentage of total XP
 D = Spawn monster count
 E = Non-spawn monster count
 F = Spawn count percentage of total count
 G = Total turns spent on level
                    A         B        C        D         E        F      G
               +---------+---------+-------+---------+---------+-------+---------
         Total |       0 |    6043 |   0.0 |       0 |     193 |   0.0 |  7265
               +---------+---------+-------+---------+---------+-------+---------
           D:1 |       0 |      23 |   0.0 |       0 |      16 |   0.0 |   870
           D:2 |       0 |      89 |   0.0 |       0 |      26 |   0.0 |   642
           D:3 |       0 |     168 |   0.0 |       0 |      23 |   0.0 |   723
           D:4 |       0 |     587 |   0.0 |       0 |      27 |   0.0 |   971
           D:5 |       0 |     872 |   0.0 |       0 |      28 |   0.0 |  1185
           D:6 |       0 |     644 |   0.0 |       0 |      22 |   0.0 |   620
           D:7 |       0 |    2047 |   0.0 |       0 |      27 |   0.0 |  1184
           D:8 |       0 |     954 |   0.0 |       0 |      15 |   0.0 |   643
        Bailey |       0 |     659 |   0.0 |       0 |       9 |   0.0 |   239
               +---------+---------+-------+---------+---------+-------+---------
